 Dungeon Crawl Stone Soup version 0.31-a0-691-g409c26aa35 (webtiles) character file.

Game seed: 5806672588918021511

485 microfolk the Conjurer (level 7, 0/54 (55) HPs)
             Began as a Barachi Reaver on Sept 6, 2023.
             Slain by an acid dragon (2 damage)
             ... on level 5 of the Dungeon.
             The game lasted 00:16:30 (5041 turns).

microfolk the Conjurer (Barachi Reaver)             Turns: 5041, Time: 00:16:31

HP:   0/54 (55)     AC: -1    Str: 13    XL:     7   Next: 13%
MP:   6/12          EV: 11    Int: 15    God:
Gold: 103           SH:  0    Dex: 11    Spells: 6/13 levels left

rFire   + . .        a - +0 falchion (drain)
rCold   + . .        (no shield)
rNeg    . . .        t - +0 leather armour
rPois   .            (no helmet)
rElec   .            h - scarf {rC+ rF+}
rCorr   .            (no gloves)
SInv    .            (no boots)
Will    .....        (no amulet)
Stlth   +            (no ring)
HPRegen 0.29/turn    (no ring)
MPRegen 0.13/turn

%: no passive effects
@: corroded, unable to hop, hasted, lightly drained, very quick
A: amphibious, slowness 1, strong legs 1, +LOS
a: Hop


You were on level 5 of the Dungeon.
You visited 1 branch of the dungeon, and saw 5 of its levels.

You collected 103 gold pieces.

Inventory:

Hand Weapons
 a - a +0 falchion of draining (weapon)
 b - a +0 sling
 q - a +1 short sword of protection
Missiles
 l - 24 stones (quivered)
 D - 2 poisoned darts
Armour
 h - a scarf of resistance (worn)
 t - a +0 leather armour (worn)
Magical Staves
 r - a staff of cold
Jewellery
 w - an amulet of the acrobat
Wands
 x - a wand of polymorph (13)
 C - a wand of light (11)
Scrolls
 c - a scroll of teleportation
 e - 3 scrolls of torment
 g - a scroll of fog
 i - a scroll of identify {unknown}
 m - a scroll of brand weapon
 n - a scroll of silence {unknown}
 o - a scroll of enchant weapon {unknown}
 p - 2 scrolls of fear
 u - a scroll of noise
 v - a scroll of revelation {unknown}
 y - a scroll of immolation {unknown}
 z - a scroll of poison {unknown}
Potions
 d - a potion of enlightenment {unknown}
 f - a potion of haste
 j - a potion of might {unknown}
 k - 2 potions of curing {unknown}
 s - 2 potions of attraction {unknown}
 A - a potion of degeneration {unknown}
 B - a potion of resistance {unknown}


   Skills:
 + Level 4.7 Fighting
 - Level 3.6 Long Blades
 - Level 2.1 Dodging
 + Level 3.9 Spellcasting
 * Level 6.1 Conjurations
 + Level 2.8 Summonings


You had 6 spell levels left.
You knew the following spells:

 Your Spells              Type           Power      Damage    Failure   Level
a - Kiss of Death         Conj/Necr      48%        2d9       7%          1
b - Momentum Strike       Conj/Tloc      24%        3d8       10%         2
c - Summon Small Mammal   Summ           44%        N/A       8%          1
d - Call Canine Familiar  Summ           11%        N/A       22%         3

Your spell library contained the following spells:

 Spells                   Type           Power      Damage    Failure   Level
 Hailstorm                Conj/Ice       12%        3d5       21%         3
 Blink                    Tloc           4%         N/A       34%         2
 Lesser Beckoning         Tloc           4%         N/A       34%         2
 Summon Guardian Golem    Hex/Summ       7%         N/A       36%         3
 Yara's Violent Unravell  Hex/Tmut       1%         3d3       100%        5
 Orb of Destruction       Conj           10%        9d6       100%        7
 Spellforged Servitor     Conj/Summ      8%         N/A       100%        7
 Discord                  Hex            1%         N/A       100%        8


Dungeon Overview and Level Annotations

Branches:
Dungeon (5/15)
 Temple: D:4-7

Altars:
Gozag
Nemelex Xobeh
Uskayaw
Yredelemnul

Annotations:
D:2 exclusion: downstairs
D:3 1 transporter, Menkaure
D:4 exclusion: downstairs
D:5 1 transporter, askman's ghost, novice DsMo


Innate Abilities, Weirdness & Mutations

You are amphibious.
You cover ground slowly.
You can hop short distances.
You have an extended range of vision and can be seen from far away.


Message History

Anything else - Cancel.
Gang up on whom?
Press: ? - help, Dir - move target, f - acid dragon
Aim: an acid dragon (ally target) Attack!
The ogre hits your hound with a +0 giant spiked club!!
Your hound dies!
Your hound's corpse disappears in a puff of smoke!
The acid dragon spits acid at you. The splash of acid hits your rat!!
The acid corrodes your rat!
Your rat dies!
Your rat's corpse disappears in a puff of smoke!
Casting: Summon Small Mammal (safe; 8% risk of failure)
Confirm with . or Enter, or press ? or * to list all spells.
Your hound closely misses the acid dragon.
The acid dragon spits acid at you. The splash of acid hits you!!
The acid corrodes you!
You hit the acid dragon but do no damage.
Your hound bites the acid dragon but does no damage.
Your hound barely misses the acid dragon.
The acid dragon bites you!
* * * LOW HITPOINT WARNING * * *
The acid dragon misses you.
An iguana comes into view.
The iguana hisses angrily.
You hit the acid dragon but do no damage.
Your hound bites the acid dragon but does no damage.
The ogre hits your hound with a +0 giant spiked club!!
Your hound dies!
Your hound's corpse disappears in a puff of smoke!
The acid dragon closely misses you. The acid dragon claws you.
* * * LOW HITPOINT WARNING * * *
It was a potion of haste.
You feel yourself speed up. The acid dragon bites you!
* * * LOW HITPOINT WARNING * * *
The acid dragon claws you.
* * * LOW HITPOINT WARNING * * *
You hit the acid dragon but do no damage.
The acid dragon bites you.
You die...

.. ###.........#........... .
.###.....#...............
...#.#...................
.....#.......#....###....
####............l.........#
.......[................#...##.#
.....................>..##...#..
..........#..................###
.........#...§D@...........###
.........#...§O...........##
.............§.§..........##
...........##...........#..##
................####....#...##
.......[......### ##....#...#
........#....## #.....###.##
##......#....# #..........#
#...O.####..# #....#.##.##


You could see an acid dragon, an ogre and an iguana.

Vanquished Creatures
  A water moccasin (D:5)
  A phantom (D:4)
  A scorpion (D:4)
  2 hounds (D:4)
  3 iguanas
  A gnoll (D:1)
  3 adders
  2 ufetubi (D:5)
  2 dart slugs
  3 bats
  6 endoplasms
  5 giant cockroaches (D:1)
  A goblin (D:1)
  8 hobgoblins
  8 kobolds
  4 quokkas
  10 ball pythons
  A frilled lizard (D:1)
  7 rats
69 creatures vanquished.

Notes
Turn   | Place    | Note
-------+----------+-------------------------------------------
     0 | D:1      | microfolk the Barachi Reaver began the quest for the Orb.
     0 | D:1      | Reached XP level 1. HP: 17/17 MP: 3/3
   251 | D:1      | Reached XP level 2. HP: 21/23 MP: 5/5
   259 | D:1      | Learned a level 2 spell: Momentum Strike
   377 | D:1      | Reached XP level 3. HP: 16/23 MP: 1/6
   863 | D:1      | Reached skill level 4 in Conjurations
  1367 | D:2      | Reached XP level 4. HP: 17/27 MP: 6/8
  1658 | D:3      | Found a transporter.
  1811 | D:3      | Noticed a sky beast
  2179 | D:3      | Found a hide-covered altar of Uskayaw.
  2560 | D:3      | Found a faded altar of an unknown god.
  2761 | D:3      | Reached XP level 5. HP: 33/38 MP: 9/9
  2794 | D:3      | Found a basalt altar of Yredelemnul.
  2794 | D:3      | Noticed Menkaure
  2872 | D:4      | Learned a level 1 spell: Summon Small Mammal
  3053 | D:4      | Reached skill level 5 in Conjurations
  3053 | D:4      | Reached skill level 1 in Summonings
  3515 | D:4      | Reached XP level 6. HP: 41/48 MP: 8/11
  3555 | D:4      | Got the Secrets of Maleficia and the Union
  4311 | D:5      | Entered Level 5 of the Dungeon
  4311 | D:5      | Noticed a water moccasin
  4333 | D:5      | Noticed askman's ghost (novice DsMo)
  4333 | D:5      | Found a transporter.
  4777 | D:3      | Found a sparkling altar of Nemelex Xobeh.
  4777 | D:3      | Found an opulent altar of Gozag.
  4843 | D:5      | Learned a level 3 spell: Call Canine Familiar
  4884 | D:5      | Killed a water moccasin
  4885 | D:5      | Reached skill level 6 in Conjurations
  4885 | D:5      | Reached XP level 7. HP: 31/54 MP: 0/12
  5040 | D:5      | HP: 2/54 [acid dragon (1)]
  5041 | D:5      | Slain by an acid dragon

Illustrated notes

Levels and vault maps discovered:
D:1:      lightli_arrival_maybe_door_vault, layout_rooms,
          minmay_misc_feat_secret_circle
D:2:      layout_rooms, kennysheep_boxes
D:3:      layout_loops_corners, grunt_temple_overflow_opulence,
          gammafunk_temple_of_torment, eat_drink_and_be_merry_uskayaw,
          shapermc_ecumenical_altar_flowoftime
D:4:      layout_layer_cave
D:5:      layout_cave_pools, nicolae_overflow_crystal_walls,
          general_overflow_altar, temple_doors_e, gammafunk_ghost_smash,
          hangedman_feature_mirror, st_stairs_8, dreamdust_wishing_well,
          minmay_lizard_king

Skill      XL: |  1  2  3  4  5  6 |
---------------+-------------------+-----
Fighting       | 3 4 |  4.7
Conjurations   | 4 5 6 |  6.1
Spellcasting   | 3 |  3.9
Summonings     | 1 2 |  2.8
Long Blades    | |  3.6
Dodging        | |  2.1

Action                     |  1- 3 |  4- 6 |  7- 9 || total
---------------------------+-------+-------+-------++-------
  Melee: Falchion          |   146 |   132 |     3 ||   281
         Punch             |     3 |     1 |       ||     4
   Fire: Sling             |       |    18 |       ||    18
  Throw: Stone             |     3 |     6 |       ||     9
   Cast: Kiss of Death     |     3 |     1 |       ||     4
         Summon Small Mamm |       |    16 |     1 ||    17
         Call Canine Famil |       |     2 |     2 ||     4
         Momentum Strike   |       |     2 |       ||     2
Ability: Hop               |     4 |     5 |     1 ||    10
    Use: Scroll            |       |     6 |       ||     6
         Potion            |       |       |     1 ||     1
 Armour: Leather armour    |    82 |    93 |     6 ||   181
  Dodge: Dodged            |    80 |    67 |     2 ||   149

Table legend: (Time is in decaauts)
 A = Elapsed time spent in this place.
 B = Non-inter-level travel time spent in this place.
 C = Inter-level travel time spent in this place.
 D = Time resting spent in this place.
 E = Time spent auto-exploring this place.
 F = Levels seen in this place.
 G = Mean time per level.
                   A        B        C        D        E       F      G
               +--------+--------+--------+--------+--------+-----+--------+
         Total |   5753 |   5182 |    571 |    892 |   2539 |   5 | 1150.6 |
       Dungeon |   5753 |   5182 |    571 |    892 |   2539 |   5 | 1150.6 |
               +--------+--------+--------+--------+--------+-----+--------+

Top non-repeatable levels by time:
     D:4: 1975 daAuts
     D:3: 1460 daAuts
     D:1: 1058 daAuts
     D:2: 951 daAuts
     D:5: 307 daAuts
